 Dungeon Crawl Stone Soup version 0.29.0-7-g18a832c13a (webtiles) character file.

Game seed: 13719075468606651331

35 tbh1313 the Trooper (level 3, -2/23 HPs)
             Began as a Gargoyle Fighter on Aug 31, 2022.
             Slain by a gnoll
             ... wielding a +0 halberd
              (4 damage)
             ... on level 2 of the Dungeon.
             The game lasted 00:01:38 (1109 turns).

tbh1313 the Trooper (Gargoyle Fighter)              Turns: 1109, Time: 00:01:39

Health: -2/23      AC: 10    Str: 21    XL:     3   Next: 33%
Magic:  3/3        EV:  9    Int:  8    God:
Gold:   51         SH:  0    Dex:  9    Spells: 2/2 levels left

rFire   . . .      SeeInvis .   a - +0 flail
rCold   . . .      Faith    .   (no shield)
rNeg    + . .      Spirit   .   b - +0 scale mail
rPois   ∞          Reflect  .   (no helmet)
rElec   +          Harm     .   (no cloak)
rCorr   .          Rampage  .   (no gloves)
Will    .....                   (no boots)
Stlth   ..........              e - amulet of the acrobat
HPRegen 0.07/turn               (no ring)
MPRegen 0.08/turn               (no ring)

@: mighty
A: sickness immunity, AC +3, negative energy resistance 1, electricity
resistance, torment resistance 1, petrification resistance
a: no special abilities


You were on level 2 of the Dungeon.
You visited 1 branch of the dungeon, and saw 2 of its levels.

You collected 51 gold pieces.

Inventory:

Hand Weapons
 a - a +0 flail (weapon)
Armour
 b - a +0 scale mail (worn)
 c - a +0 buckler
Jewellery
 e - an amulet of the acrobat (around neck)
 h - a ring of protection from cold
Scrolls
 g - a scroll of enchant weapon {unknown}
 i - a scroll of blinking {unknown}
 j - a scroll of vulnerability {unknown}
 k - a scroll of poison {unknown}
Potions
 d - 2 potions of might
 f - a potion of magic {unknown}


   Skills:
 - Level 3.5 Fighting
 + Level 3.1 Maces & Flails
 - Level 3.5 Armour
 - Level 3.5 Shields


You had 2 spell levels left.
You didn't know any spells.
Your spell library was empty.

Dungeon Overview and Level Annotations

Branches:
Dungeon (2/15)

Altars:


Innate Abilities, Weirdness & Mutations

You are immune to sickness and miasma.
Your stone body is resilient. (AC +3)
You are immune to poison.
You resist negative energy. (rN+)
You are resistant to electric shocks. (rElec)
You are resistant to unholy torment.
You are immune to petrification.


Message History

There is a stone staircase leading down here.
You climb downwards.
Found a scroll labelled NEONAET FUUS and a leather armour.
There is a stone staircase leading up here.
j - a scroll labelled NEONAET FUUS
k - a scroll labelled NAIP VIPHA A gnoll comes into view.
It is wielding a +0 whip.
The gnoll shouts! 2 gnolls come into view.
The gnoll shouts!
The gnoll hits you with a +0 whip.
You hit the gnoll.
The gnoll is moderately wounded.
The gnoll closely misses you. The gnoll attacks as you move away!
The gnoll hits you with a +0 whip. The gnoll attacks as you move away!
The gnoll hits you but does no damage.
You sock the gnoll!
You kill the gnoll!
The gnoll hits you from afar with a +0 halberd!
Your Maces & Flails skill increases to level 3!
You hit the gnoll.
The gnoll is heavily wounded.
The gnoll hits you with a +0 flail.
The gnoll hits you from afar with a +0 halberd.
* * * LOW HITPOINT WARNING * * *
The gnoll attacks as you move away! The gnoll hits you with a +0 flail.
* * * LOW HITPOINT WARNING * * *
You feel very mighty all of a sudden. The gnoll hits you with a +0 halberd.
* * * LOW HITPOINT WARNING * * *
You closely miss the gnoll. The gnoll hits you but does no damage.
The gnoll hits you with a +0 halberd.
* * * LOW HITPOINT WARNING * * *
You hit the gnoll. Your punch misses the gnoll.
The gnoll is moderately wounded.
The gnoll hits you but does no damage.
You barely miss the gnoll.
The gnoll is moderately wounded.
The gnoll hits you with a +0 halberd.
You die...

.....# #...##....# .....#
#####.####....# .....#
#.....####..#####...
###.####.................#
#.##....##...............
#....#########.##########
.......# #.# .....#.# #.#
...#.....#### #@#
#######......###g######..
#.####..#.g.......#
............#######
#...$#.#)###
##........####
......?......#
#.......##.....# #.......#
#.##...


You could see 2 gnolls.

Vanquished Creatures
  A gnoll (D:2)
  A dart slug (D:1)
  6 ball pythons (D:1)
  An endoplasm (D:1)
  A giant cockroach (D:1)
  4 goblins (D:1)
  2 hobgoblins (D:1)
  A quokka (D:1)
  2 frilled lizards (D:1)
  A rat (D:1)
20 creatures vanquished.

Notes
Turn   | Place    | Note
-------+----------+-------------------------------------------
     0 | D:1      | tbh1313 the Gargoyle Fighter began the quest for the Orb.
     0 | D:1      | Reached XP level 1. HP: 14/14 MP: 1/1
   100 | D:1      | Reached XP level 2. HP: 15/19 MP: 2/2
   771 | D:1      | Reached XP level 3. HP: 19/23 MP: 3/3
  1109 | D:2      | Slain by a gnoll

Illustrated notes

Levels and vault maps discovered:
D:1:      dpeg_arrival_castle, layout_loops_ring
D:2:      layout_rooms

Skill      XL: |  1  2  3 |
---------------+----------+-----
Maces & Flails | 3 |  3.1
Fighting       | |  3.5
Armour         | |  3.5
Shields        | |  3.5

Action                   || total
-------------------------++-------
Melee: Flail             ||    58
  Use: Potion            ||     1
Armor: Scale mail        ||    27
Dodge: Dodged            ||    29
Block: Buckler           ||     2
